EDMONTON Oilers vs NEW JERSEY Devils

Created - 29 février 2024 at 16:11

Goals
1 2 3 T
EDMONTON Oilers 0 0 0 0
NEW JERSEY Devils 2 1 1 4
Shots
1 2 3 T
EDMONTON Oilers 8 9 16 33
NEW JERSEY Devils 16 9 7 32

1st period

1. NEW JERSEY Devils , Kyle Okposo 8 (Adam Boqvist 14, Jack Hughes 15) at 18:42 (PP)
2. NEW JERSEY Devils , Kyle Okposo 9 (Adam Boqvist 15, Jack Hughes 16) at 19:51 (PP)

Penalties :
Bowen Byram (NJD) for Cross-checking (Minor) at 15:06, Michal Kempny (EDM) for Slashing (Double Minor) at 17:36

2nd period

3. NEW JERSEY Devils , Connor Brown 1 (Gabriel Landeskog 1, Chris Wideman 7) at 3:19

Penalties :
Ryan Graves (NJD) for Delaying the game (Minor) at 3:47, Alex Wennberg (EDM) for Roughing (Minor) at 15:37

3rd period

4. NEW JERSEY Devils , Thomas Novak 2 (Andreas Athanasiou 13, Adam Boqvist 16) at 12:28

Penalties :
Ryan Graves (NJD) for High sticking (Minor) at 8:19

Goalie Stats

Adin Hill (EDM), 28 saves from 32 shots - (0,875), L, 8-21-1, 60:00 minutes
Jake Allen (NJD), 33 saves from 33 shots - (1,000), W, 4-5-1, 60:00 minutes

Players Stats for EDMONTON Oilers

Player Name              G  A  P  +/- PIM S  H  SB GA TA FO     MP     PP MP  PK MP  
------------------------------------------------------------------------------------
Alex Wennberg            0  0  0   0  2   4  1  1  0  0  8/20   18:32   2:34   1:43 
Alexander Romanov        0  0  0  -2  0   2  2  1  0  0  0/0    25:23   3:25   2:21 
Denis Gurianov           0  0  0  -2  0   2  0  0  0  0  0/0    11:33   0:12   1:05 
Drake Batherson          0  0  0   0  0   8  1  0  0  0  0/2    19:43   3:11   0:00 
Dylan Cozens             0  0  0   0  0   1  2  0  0  0  8/25   19:38   2:34   0:32 
Kent Johnson             0  0  0  -2  0   1  0  0  0  0  2/5    13:39   3:23   0:00 
Kyle Palmieri            0  0  0   0  0   2  2  0  0  0  1/1    18:11   3:23   0:32 
Leo Komarov              0  0  0   0  0   1  1  0  0  0  3/9     9:36   0:00   0:51 
Michal Kempny            0  0  0   0  4   0  2  1  0  0  0/0    14:47   0:00   0:00 
Milan Lucic              0  0  0   0  0   2  2  1  0  0  0/0     9:13   0:00   0:04 
Moritz Seider            0  0  0  -2  0   3  2  5  0  0  0/0    25:23   3:25   2:21 
Nico Sturm               0  0  0  -2  0   3  1  1  0  0  9/15   10:16   0:00   0:00 
Nicolas Aube-Kubel       0  0  0   0  0   2  3  0  0  0  0/0     9:09   0:00   0:00 
Nikita Zaitsev           0  0  0   0  0   1  4  2  0  0  0/0    19:25   2:32   1:53 
Owen Tippett             0  0  0   0  0   0  3  1  0  0  3/7    21:57   2:34   2:51 
T.J. Oshie               0  0  0   0  0   0  3  0  0  0  0/0    15:06   0:00   0:50 
Tucker Poolman           0  0  0   0  0   1  0  1  0  0  0/0    18:39   2:32   0:00 
Will Butcher             0  0  0   0  0   0  1  1  0  0  0/0    15:34   0:00   1:53 

Players Stats for NEW JERSEY Devils

Player Name              G  A  P  +/- PIM S  H  SB GA TA FO     MP     PP MP  PK MP  
------------------------------------------------------------------------------------
Adam Boqvist             0  3  3   1  0   1  2  0  0  0  0/0    20:28   1:47   3:03 
Alexander Petrovic       0  0  0   1  0   0  2  2  0  0  0/0    17:09   0:00   2:54 
Andreas Athanasiou       0  1  1   1  0   2  0  0  0  0  2/2    17:08   2:16   1:13 
Bowen Byram              0  0  0   0  2   1  2  1  0  0  0/0    24:16   2:27   1:54 
Chris Wideman            0  1  1   1  0   0  0  0  0  0  0/0    14:15   0:00   0:00 
Connor Brown             1  0  1   1  0   3  0  0  0  0  0/1     6:35   0:00   0:00 
Gabriel Landeskog        0  1  1   1  0   2  1  0  0  0  4/7     6:35   0:00   0:00 
J.T. Compher             0  0  0   1  0   3  3  1  0  0  10/17  17:15   2:16   1:20 
Jack Hughes              0  2  2   0  0   3  0  0  0  0  22/35  23:30   1:58   3:24 
Jake Bean                0  0  0   1  0   0  2  0  0  0  0/0    20:06   1:47   2:41 
James van Riemsdyk       0  0  0   0  0   3  2  0  0  0  0/0    21:26   1:58   1:20 
Joel Armia               0  0  0   0  0   2  0  0  0  0  1/1    12:42   0:00   1:15 
Kyle Okposo              2  0  2   0  0   4  2  0  0  0  3/3    23:28   1:58   3:22 
Miles Wood               0  0  0   1  0   0  1  0  0  0  0/0     6:35   0:00   0:00 
Oskar Lindblom           0  0  0   0  0   1  3  0  0  0  0/1    11:27   0:00   0:00 
Ryan Donato              0  0  0   0  0   1  2  0  0  0  5/14   13:43   2:16   0:00 
Ryan Graves              0  0  0   0  4   2  2  2  0  0  0/0    23:43   2:27   1:22 
Thomas Novak             1  0  1   1  0   4  0  0  0  0  3/3    13:39   0:00   0:00 

3 Stars

1 - Jake Allen (NJD)
2 - Kyle Okposo (NJD)
3 - Adam Boqvist (NJD)

Power Play

EDMONTON Oilers - 0 on 3 Attempt(s) - 0,00%
NEW JERSEY Devils - 2 on 3 Attempt(s) - 66,67%

Penalty Kill

EDMONTON Oilers - 1 on 3 Attempt(s) - 33,33% - Score 0 goal in Penalty Kill
NEW JERSEY Devils - 3 on 3 Attempt(s) - 100,00% - Score 0 goal in Penalty Kill

Team Stat

EDMONTON Oilers - Hits : 30 - Faceoff Wins : 34 - Blocked Shots : 15 - Penalty Minutes : 6
NEW JERSEY Devils - Hits : 24 - Faceoff Wins : 50 - Blocked Shots : 6 - Penalty Minutes : 6

Official

Referees : Brian Pochmara and Michael Markovic
Linesman : Shandor Alphonso and Andrew Smith

Game Notes

No Game Note

Finance

Level 1 -- Attendance: 5220 (74,57%) -- Ticket Income $522,000
Level 2 -- Attendance: 5028 (71,83%) -- Ticket Income $271,512
Level 3 -- Attendance: 2708 (54,16%) -- Ticket Income $56,868
Level 4 -- Attendance: 3938 (78,76%) -- Ticket Income $78,760
Luxury Box -- Attendance: 1031 (85,92%) -- Ticket Income $175,270
Game was played at the Prudential Center.
Total Attendance: 17925 (71,13%)
Total Ticket Income: $1,104,410
Other Income: $276,102
Total Income: $1,380,512

EDMONTON Oilers

5 vs 5 Forward 
   Center                   Left Wing                Right Wing               Time % Phy DF OF 
 1 Dylan Cozens             Owen Tippett             Drake Batherson          35     1   1  3  
 2 Alex Wennberg            Kyle Palmieri            T.J. Oshie               28     1   1  3  
 3 Nico Sturm               Kent Johnson             Denis Gurianov           20     1   2  2  
 4 Leo Komarov              Milan Lucic              Nicolas Aube-Kubel       17     5   0  0  

5 vs 5 Defense 
   Defense                  Defense                                           Time % Phy DF OF 
 1 Moritz Seider            Alexander Romanov                                 46     1   2  2  
 2 Nikita Zaitsev           Tucker Poolman                                    34     1   2  2  
 3 Will Butcher             Michal Kempny                                     20     1   2  2  
 4 Moritz Seider            Alexander Romanov                                 0      1   2  2  

PowerPlay Forward 
   Center                   Left Wing                Right Wing               Time % Phy DF OF 
 1 Alex Wennberg            Dylan Cozens             Owen Tippett             60     1   2  2  
 2 Kent Johnson             Kyle Palmieri            Drake Batherson          40     1   2  2  

PowerPlay Defense
   Defense                  Defense                                           Time % Phy DF OF 
 1 Moritz Seider            Alexander Romanov                                 60     1   2  2  
 2 Nikita Zaitsev           Tucker Poolman                                    40     1   2  2  

Penalty Kill 4 Players Forward 
   Center                   Wing                     Time % Phy DF OF 
 1 Owen Tippett             Alex Wennberg            60     1   2  2  
 2 Dylan Cozens             Kyle Palmieri            40     1   2  2  

Penalty Kill 4 Players Defense
   Defense                  Defense                  Time % Phy DF OF 
 1 Moritz Seider            Alexander Romanov        60     1   2  2  
 2 Nikita Zaitsev           Will Butcher             40     1   2  2  

Penalty Kill - 3 Players Forward 
   Forward                                           Time % Phy DF OF 
 1 Owen Tippett                                      60     1   2  2  
 2 Alex Wennberg                                     40     1   2  2  

Penalty Kill - 3 Players Defense
   Defense                  Defense                  Time % Phy DF OF 
 1 Moritz Seider            Alexander Romanov        60     1   2  2  
 2 Nikita Zaitsev           Will Butcher             40     1   2  2  

4 vs 4 Forward 
   Center                   Wing                     Time % Phy DF OF 
 1 Owen Tippett             Alex Wennberg            60     1   2  2  
 2 Dylan Cozens             Kyle Palmieri            40     1   2  2  

4 vs 4 Defense
   Defense                  Defense                  Time % Phy DF OF 
 1 Moritz Seider            Alexander Romanov        60     1   2  2  
 2 Nikita Zaitsev           Tucker Poolman           40     1   2  2  

Last Minutes Offensive
   Center                   Left Wing                Right Wing               Defense                  Defense                  
   Alex Wennberg            Dylan Cozens             Owen Tippett             Moritz Seider            Alexander Romanov        

Last Minutes Defensive
   Center                   Left Wing                Right Wing               Defense                  Defense                  
   Alex Wennberg            Dylan Cozens             Owen Tippett             Moritz Seider            Alexander Romanov        

Goaltenders
Starting : Adin Hill                
Backup : Mikko Koskinen           

Extra Forwards
Normal : Alex Wennberg, Drake Batherson, T.J. Oshie - PP : Dylan Cozens, Kent Johnson - PK : T.J. Oshie
Extra Defensemen
Normal : Tucker Poolman, Will Butcher, Nikita Zaitsev - PP : Tucker Poolman - PK : Will Butcher, Nikita Zaitsev
Penalty Shots
Owen Tippett, Alex Wennberg, Dylan Cozens, Kyle Palmieri, Drake Batherson

Scratches
James Neal (Healthy)

NEW JERSEY Devils

5 vs 5 Forward 
   Center                   Left Wing                Right Wing               Time % Phy DF OF 
 1 Jack Hughes              James van Riemsdyk       Kyle Okposo              40     1   2  2  
 2 J.T. Compher             Thomas Novak             Andreas Athanasiou       30     1   2  2  
 3 Ryan Donato              Oskar Lindblom           Joel Armia               20     1   2  2  
 4 Gabriel Landeskog        Miles Wood               Connor Brown             10     1   2  2  

5 vs 5 Defense 
   Defense                  Defense                                           Time % Phy DF OF 
 1 Ryan Graves              Bowen Byram                                       40     1   2  2  
 2 Adam Boqvist             Jake Bean                                         30     1   2  2  
 3 Chris Wideman            Alexander Petrovic                                20     1   2  2  
 4 Ryan Graves              Bowen Byram                                       10     1   2  2  

PowerPlay Forward 
   Center                   Left Wing                Right Wing               Time % Phy DF OF 
 1 Jack Hughes              James van Riemsdyk       Kyle Okposo              60     1   2  2  
 2 J.T. Compher             Ryan Donato              Andreas Athanasiou       40     1   2  2  

PowerPlay Defense
   Defense                  Defense                                           Time % Phy DF OF 
 1 Ryan Graves              Bowen Byram                                       60     1   2  2  
 2 Adam Boqvist             Jake Bean                                         40     1   2  2  

Penalty Kill 4 Players Forward 
   Center                   Wing                     Time % Phy DF OF 
 1 Jack Hughes              Kyle Okposo              60     1   2  2  
 2 J.T. Compher             James van Riemsdyk       40     1   2  2  

Penalty Kill 4 Players Defense
   Defense                  Defense                  Time % Phy DF OF 
 1 Ryan Graves              Bowen Byram              60     1   2  2  
 2 Adam Boqvist             Jake Bean                40     1   2  2  

Penalty Kill - 3 Players Forward 
   Forward                                           Time % Phy DF OF 
 1 Jack Hughes                                       60     1   2  2  
 2 Kyle Okposo                                       40     1   2  2  

Penalty Kill - 3 Players Defense
   Defense                  Defense                  Time % Phy DF OF 
 1 Ryan Graves              Bowen Byram              60     1   2  2  
 2 Adam Boqvist             Jake Bean                40     1   2  2  

4 vs 4 Forward 
   Center                   Wing                     Time % Phy DF OF 
 1 Jack Hughes              Kyle Okposo              60     1   2  2  
 2 J.T. Compher             James van Riemsdyk       40     1   2  2  

4 vs 4 Defense
   Defense                  Defense                  Time % Phy DF OF 
 1 Ryan Graves              Bowen Byram              60     1   2  2  
 2 Adam Boqvist             Jake Bean                40     1   2  2  

Last Minutes Offensive
   Center                   Left Wing                Right Wing               Defense                  Defense                  
   Jack Hughes              James van Riemsdyk       Kyle Okposo              Ryan Graves              Bowen Byram              

Last Minutes Defensive
   Center                   Left Wing                Right Wing               Defense                  Defense                  
   Jack Hughes              James van Riemsdyk       Kyle Okposo              Ryan Graves              Bowen Byram              

Goaltenders
Starting : Jake Allen               
Backup : Antti Raanta             

Extra Forwards
Normal : Ryan Donato, Oskar Lindblom, Joel Armia - PP : Ryan Donato, Oskar Lindblom - PK : Joel Armia
Extra Defensemen
Normal : Chris Wideman, Alexander Petrovic, Adam Boqvist - PP : Chris Wideman - PK : Alexander Petrovic, Adam Boqvist
Penalty Shots
Jack Hughes, Kyle Okposo, J.T. Compher, James van Riemsdyk, Oskar Lindblom

Scratches
Dustin Tokarski (Healthy), Alex Stalock (Healthy)

% Time on Ice - EDMONTON Oilers

Lines # - Real PCT - Wanted PCT - Time Play
Normal Forward
1 - 33% - 35% - 16:32
2 - 29% - 28% - 14:16
3 - 21% - 20% - 10:16
4 - 18% - 17% - 8:45
Normal Defense
1 - 39% - 46% - 19:37
2 - 33% - 34% - 16:31
3 - 27% - 20% - 13:41
4 - 0% - 0% - 0:00
PP Forward
1 - 43% - 60% - 2:34
2 - 57% - 40% - 3:23
PP Defense
1 - 57% - 60% - 3:25
2 - 43% - 40% - 2:32
PK Forward
1 - 87% - 60% - 3:42
2 - 13% - 40% - 0:32
PK Defense
1 - 56% - 60% - 2:21
2 - 44% - 40% - 1:53
PK3 Forward
1 - 0% - 60%
2 - 0% - 40%
PK3 Defense
1 - 0% - 60%
2 - 0% - 40%
44 Forward
1 - 0% - 60%
2 - 0% - 40%
44 Defense
1 - 0% - 60%
2 - 0% - 40%
Last Minute Offensive  - 0:00
Last Minute Defensive  - 0:00
Total
Forward - 60:00
Defense - 60:00

% Time on Ice - NEW JERSEY Devils

Lines # - Real PCT - Wanted PCT - Time Play
Normal Forward
1 - 36% - 40% - 18:08
2 - 27% - 30% - 13:39
3 - 23% - 20% - 11:27
4 - 13% - 10% - 6:35
Normal Defense
1 - 38% - 40% - 18:46
2 - 31% - 30% - 15:38
3 - 29% - 20% - 14:15
4 - 2% - 10% - 1:10
PP Forward
1 - 46% - 60% - 1:58
2 - 54% - 40% - 2:16
PP Defense
1 - 58% - 60% - 2:27
2 - 42% - 40% - 1:47
PK Forward
1 - 78% - 60% - 4:37
2 - 22% - 40% - 1:20
PK Defense
1 - 55% - 60% - 3:16
2 - 45% - 40% - 2:41
PK3 Forward
1 - 0% - 60%
2 - 0% - 40%
PK3 Defense
1 - 0% - 60%
2 - 0% - 40%
44 Forward
1 - 0% - 60%
2 - 0% - 40%
44 Defense
1 - 0% - 60%
2 - 0% - 40%
Last Minute Offensive  - 0:00
Last Minute Defensive  - 0:00
Total
Forward - 60:00
Defense - 60:00

Play-by-Play

1st period


0:01 of 1st period - Jack Hughes wins face-off versus Dylan Cozens in neutral zone.
0:09 of 1st period - Shot by Drake Batherson.
0:09 of 1st period - Shot Misses the Net.
0:14 of 1st period - Ryan Graves is hit by Dylan Cozens and loses puck.
0:19 of 1st period - Dylan Cozens is hit by Kyle Okposo and loses puck.
0:43 of 1st period - Shot by Jack Hughes.
0:43 of 1st period - Shot Blocked by Moritz Seider.
0:59 of 1st period - Jake Bean is hit by Owen Tippett and loses puck.
1:16 of 1st period - Shot by J.T. Compher.
1:16 of 1st period - Stopped by Adin Hill without a rebound.
1:17 of 1st period - Nico Sturm wins face-off versus Ryan Donato in EDMONTON Oilers zone.
1:19 of 1st period - Icing by Denis Gurianov.
1:20 of 1st period - Nico Sturm wins face-off versus Ryan Donato in EDMONTON Oilers zone.
1:37 of 1st period - Icing by Denis Gurianov.
1:38 of 1st period - Nico Sturm wins face-off versus Gabriel Landeskog in EDMONTON Oilers zone.
1:53 of 1st period - Shot by Denis Gurianov.
1:53 of 1st period - Shot Misses the Net.
2:59 of 1st period - Shot by J.T. Compher.
2:59 of 1st period - Deflect By Thomas Novak.
2:59 of 1st period - Stopped by Adin Hill without a rebound.
3:00 of 1st period - Kyle Okposo wins face-off versus Leo Komarov in EDMONTON Oilers zone.
3:06 of 1st period - Icing by Moritz Seider.
3:07 of 1st period - Leo Komarov wins face-off versus Jack Hughes in EDMONTON Oilers zone.
3:48 of 1st period - Icing by Alexander Romanov.
3:49 of 1st period - Leo Komarov wins face-off versus Ryan Donato in EDMONTON Oilers zone.
3:49 of 1st period - Alexander Romanov is hit by Oskar Lindblom and loses puck.
4:02 of 1st period - Bowen Byram is hit by Nicolas Aube-Kubel and loses puck.
4:12 of 1st period - Bowen Byram is hit by Nikita Zaitsev.
4:15 of 1st period - Icing by Drake Batherson.
4:16 of 1st period - J.T. Compher wins face-off versus Owen Tippett in EDMONTON Oilers zone.
4:38 of 1st period - Icing by Jake Bean.
4:39 of 1st period - Andreas Athanasiou wins face-off versus Alex Wennberg in NEW JERSEY Devils zone.
4:56 of 1st period - Shot by J.T. Compher.
4:56 of 1st period - Shot Misses the Net.
6:07 of 1st period - Nikita Zaitsev is hit by Kyle Okposo and loses puck.
6:34 of 1st period - Shot by Dylan Cozens.
6:34 of 1st period - Shot Blocked by Ryan Graves.
6:36 of 1st period - Shot by Dylan Cozens.
6:36 of 1st period - Stopped by Jake Allen with a rebound.
6:38 of 1st period - Shot by Drake Batherson.
6:38 of 1st period - Stopped by Jake Allen without a rebound.
6:39 of 1st period - Nico Sturm wins face-off versus Ryan Donato in NEW JERSEY Devils zone.
6:51 of 1st period - Off-side.
6:52 of 1st period - J.T. Compher wins face-off versus Leo Komarov in neutral zone.
8:19 of 1st period - Icing by Nico Sturm.
8:20 of 1st period - Nico Sturm wins face-off versus Gabriel Landeskog in EDMONTON Oilers zone.
8:24 of 1st period - Off-side.
8:25 of 1st period - Jack Hughes wins face-off versus Dylan Cozens in neutral zone.
8:31 of 1st period - Icing by Drake Batherson.
8:32 of 1st period - Jack Hughes wins face-off versus Drake Batherson in EDMONTON Oilers zone.
8:39 of 1st period - Shot by James van Riemsdyk.
8:39 of 1st period - Stopped by Adin Hill without a rebound.
8:40 of 1st period - Jack Hughes wins face-off versus Dylan Cozens in EDMONTON Oilers zone.
9:09 of 1st period - Shot by Ryan Graves.
9:09 of 1st period - Shot Blocked by Nikita Zaitsev.
9:21 of 1st period - Shot by Kyle Okposo.
9:21 of 1st period - Shot Blocked by Owen Tippett.
9:23 of 1st period - Shot by Kyle Okposo.
9:23 of 1st period - Stopped by Adin Hill with a rebound.
9:25 of 1st period - Shot by Bowen Byram.
9:25 of 1st period - Shot Blocked by Nikita Zaitsev.
9:54 of 1st period - Ryan Donato is hit by Alexander Romanov and loses puck.
10:03 of 1st period - Shot by Ryan Donato.
10:03 of 1st period - Stopped by Adin Hill without a rebound.
10:04 of 1st period - J.T. Compher wins face-off versus Nico Sturm in EDMONTON Oilers zone.
10:44 of 1st period - Shot by Thomas Novak.
10:44 of 1st period - Shot Misses the Net.
10:46 of 1st period - Shot by J.T. Compher.
10:46 of 1st period - Deflect By Andreas Athanasiou.
10:46 of 1st period - Shot Blocked by Michal Kempny.
11:19 of 1st period - Shot by Connor Brown.
11:19 of 1st period - Stopped by Adin Hill without a rebound.
11:20 of 1st period - Jack Hughes wins face-off versus Dylan Cozens in EDMONTON Oilers zone.
11:46 of 1st period - Dylan Cozens is hit by James van Riemsdyk and loses puck.
12:01 of 1st period - Shot by Jack Hughes.
12:01 of 1st period - Stopped by Adin Hill without a rebound.
12:02 of 1st period - Ryan Donato wins face-off versus Alex Wennberg in EDMONTON Oilers zone.
12:19 of 1st period - Shot by Joel Armia.
12:19 of 1st period - Shot Blocked by Moritz Seider.
12:27 of 1st period - Oskar Lindblom is hit by T.J. Oshie and loses puck.
12:32 of 1st period - Shot by Alexander Romanov.
12:32 of 1st period - Shot Blocked by Bowen Byram.
13:28 of 1st period - Shot by Nico Sturm.
13:28 of 1st period - Stopped by Jake Allen without a rebound.
13:29 of 1st period - Dylan Cozens wins face-off versus Jack Hughes in NEW JERSEY Devils zone.
13:42 of 1st period - Shot by Drake Batherson.
13:42 of 1st period - Stopped by Jake Allen without a rebound.
13:43 of 1st period - Gabriel Landeskog wins face-off versus Leo Komarov in NEW JERSEY Devils zone.
13:43 of 1st period - Gabriel Landeskog is hit by Milan Lucic.
13:46 of 1st period - Adam Boqvist is hit by Milan Lucic and loses puck.
14:17 of 1st period - Shot by Gabriel Landeskog.
14:17 of 1st period - Stopped by Adin Hill without a rebound.
14:18 of 1st period - Jack Hughes wins face-off versus Dylan Cozens in EDMONTON Oilers zone.
14:19 of 1st period - Shot by Ryan Graves.
14:19 of 1st period - Stopped by Adin Hill with a rebound.
14:22 of 1st period - Icing by Tucker Poolman.
14:23 of 1st period - Dylan Cozens wins face-off versus Jack Hughes in EDMONTON Oilers zone.
14:23 of 1st period - Dylan Cozens is hit by James van Riemsdyk.
14:39 of 1st period - Shot by Jack Hughes.
14:39 of 1st period - Stopped by Adin Hill without a rebound.
14:40 of 1st period - Alex Wennberg wins face-off versus J.T. Compher in EDMONTON Oilers zone.
14:46 of 1st period - Icing by Alexander Romanov.
14:47 of 1st period - Jack Hughes wins face-off versus Alex Wennberg in EDMONTON Oilers zone.
15:06 of 1st period - Minor Penalty to Bowen Byram for Cross-checking.
15:07 of 1st period - Jack Hughes wins face-off versus Alex Wennberg in NEW JERSEY Devils zone.
15:26 of 1st period - Shot by Jack Hughes.
15:26 of 1st period - Shot Blocked by Tucker Poolman.
15:37 of 1st period - Off-side.
15:38 of 1st period - Jack Hughes wins face-off versus Drake Batherson in neutral zone.
15:44 of 1st period - Icing by Alexander Romanov.
15:45 of 1st period - Kent Johnson wins face-off versus Jack Hughes in EDMONTON Oilers zone.
16:16 of 1st period - Shot by Moritz Seider.
16:16 of 1st period - Stopped by Jake Allen without a rebound.
16:17 of 1st period - Owen Tippett wins face-off versus J.T. Compher in NEW JERSEY Devils zone.
16:18 of 1st period - Shot by Alex Wennberg.
16:18 of 1st period - Stopped by Jake Allen with a rebound.
16:34 of 1st period - Shot by Nikita Zaitsev.
16:34 of 1st period - Stopped by Jake Allen without a rebound.
16:35 of 1st period - Jack Hughes wins face-off versus Kent Johnson in NEW JERSEY Devils zone.
16:52 of 1st period - Shot by Alexander Romanov.
16:52 of 1st period - Shot Misses the Net.
16:54 of 1st period - Shot by Alexander Romanov.
16:54 of 1st period - Shot Blocked by Ryan Graves.
16:56 of 1st period - Shot by Alexander Romanov.
16:56 of 1st period - Shot Misses the Net.
17:02 of 1st period - Shot by Moritz Seider.
17:02 of 1st period - Stopped by Jake Allen without a rebound.
17:03 of 1st period - Alex Wennberg wins face-off versus J.T. Compher in NEW JERSEY Devils zone.
17:16 of 1st period - Joel Armia is hit by Nicolas Aube-Kubel and loses puck.
17:35 of 1st period - Shot by Ryan Donato.
17:35 of 1st period - Shot Blocked by Will Butcher.
17:36 of 1st period - Double Minor Penalty to Michal Kempny for Slashing.
17:37 of 1st period - Andreas Athanasiou wins face-off versus Owen Tippett in EDMONTON Oilers zone.
17:38 of 1st period - Shot by Ryan Graves.
17:38 of 1st period - Shot Blocked by Moritz Seider.
17:40 of 1st period - Shot by Ryan Graves.
17:40 of 1st period - Shot Misses the Net.
17:42 of 1st period - Shot by Ryan Graves.
17:42 of 1st period - Shot Blocked by Alexander Romanov.
17:48 of 1st period - Shot by Ryan Graves.
17:48 of 1st period - Shot Misses the Net.
17:50 of 1st period - Shot by J.T. Compher.
17:50 of 1st period - Shot Blocked by Alex Wennberg.
18:11 of 1st period - Shot by Andreas Athanasiou.
18:11 of 1st period - Shot Misses the Net.
18:13 of 1st period - Shot by Ryan Graves.
18:13 of 1st period - Stopped by Adin Hill without a rebound.
18:14 of 1st period - Owen Tippett wins face-off versus Jack Hughes in EDMONTON Oilers zone.
18:22 of 1st period - Off-side.
18:23 of 1st period - Jack Hughes wins face-off versus Owen Tippett in neutral zone.
18:40 of 1st period - Shot by Adam Boqvist.
18:40 of 1st period - Stopped by Adin Hill with a rebound.
18:42 of 1st period - Shot by Kyle Okposo.
18:42 of 1st period - Goal by Kyle Okposo - EDMONTON Oilers : 0 - NEW JERSEY Devils : 1.
18:43 of 1st period - J.T. Compher wins face-off versus Dylan Cozens in neutral zone.
19:39 of 1st period - Shot by Jack Hughes.
19:39 of 1st period - Deflect By James van Riemsdyk.
19:39 of 1st period - Stopped by Adin Hill without a rebound.
19:40 of 1st period - Kyle Palmieri wins face-off versus Jack Hughes in EDMONTON Oilers zone.
19:47 of 1st period - Shot by Jack Hughes.
19:47 of 1st period - Stopped by Adin Hill with a rebound.
19:51 of 1st period - Shot by Adam Boqvist.
19:51 of 1st period - Deflect By Kyle Okposo.
19:51 of 1st period - Goal by Kyle Okposo - EDMONTON Oilers : 0 - NEW JERSEY Devils : 2.
19:52 of 1st period - Gabriel Landeskog wins face-off versus Nico Sturm in neutral zone.
19:54 of 1st period - Chris Wideman is hit by Nikita Zaitsev and loses puck.
Goals for this period are 0 for EDMONTON Oilers vs 2 for NEW JERSEY Devils.
Shots for this period are 8 for EDMONTON Oilers vs 16 for NEW JERSEY Devils.

2nd period


0:01 of 2nd period - Jack Hughes wins face-off versus Dylan Cozens in neutral zone.
0:09 of 2nd period - Icing by Moritz Seider.
0:10 of 2nd period - Dylan Cozens wins face-off versus J.T. Compher in EDMONTON Oilers zone.
0:10 of 2nd period - Dylan Cozens is hit by J.T. Compher.
0:18 of 2nd period - Ryan Graves is hit by Drake Batherson and loses puck.
0:40 of 2nd period - Dylan Cozens is hit by Ryan Graves and loses puck.
0:45 of 2nd period - Shot by Drake Batherson.
0:45 of 2nd period - Stopped by Jake Allen with a rebound.
1:06 of 2nd period - Off-side.
1:07 of 2nd period - Jack Hughes wins face-off versus Alex Wennberg in neutral zone.
1:07 of 2nd period - Jack Hughes is hit by Kyle Palmieri.
1:13 of 2nd period - Shot by Kyle Okposo.
1:13 of 2nd period - Shot Misses the Net.
2:29 of 2nd period - Shot by Kent Johnson.
2:29 of 2nd period - Stopped by Jake Allen without a rebound.
2:30 of 2nd period - J.T. Compher wins face-off versus Dylan Cozens in NEW JERSEY Devils zone.
2:30 of 2nd period - Bowen Byram is hit by Owen Tippett and loses puck.
2:51 of 2nd period - Shot by J.T. Compher.
2:51 of 2nd period - Deflect By Andreas Athanasiou.
2:51 of 2nd period - Stopped by Adin Hill without a rebound.
2:52 of 2nd period - Nico Sturm wins face-off versus Gabriel Landeskog in EDMONTON Oilers zone.
3:11 of 2nd period - Shot by Chris Wideman.
3:11 of 2nd period - Shot Misses the Net.
3:13 of 2nd period - Shot by Gabriel Landeskog.
3:13 of 2nd period - Shot Blocked by Moritz Seider.
3:15 of 2nd period - Shot by Connor Brown.
3:15 of 2nd period - Shot Misses the Net.
3:17 of 2nd period - Shot by Gabriel Landeskog.
3:17 of 2nd period - Shot Blocked by Moritz Seider.
3:19 of 2nd period - Shot by Connor Brown.
3:19 of 2nd period - Goal by Connor Brown - EDMONTON Oilers : 0 - NEW JERSEY Devils : 3.
3:20 of 2nd period - Jack Hughes wins face-off versus Dylan Cozens in neutral zone.
3:26 of 2nd period - Jack Hughes is hit by Will Butcher and loses puck.
3:47 of 2nd period - Minor Penalty to Ryan Graves for Delaying the game.
3:48 of 2nd period - Jack Hughes wins face-off versus Kent Johnson in NEW JERSEY Devils zone.
5:13 of 2nd period - Shot by Owen Tippett.
5:13 of 2nd period - Shot Misses the Net.
5:44 of 2nd period - Shot by Kyle Palmieri.
5:44 of 2nd period - Stopped by Jake Allen without a rebound.
5:45 of 2nd period - Alex Wennberg wins face-off versus Jack Hughes in NEW JERSEY Devils zone.
5:46 of 2nd period - Shot by Moritz Seider.
5:46 of 2nd period - Shot Misses the Net.
5:53 of 2nd period - Off-side.
5:54 of 2nd period - J.T. Compher wins face-off versus Leo Komarov in neutral zone.
5:54 of 2nd period - Thomas Novak is hit by Nicolas Aube-Kubel and loses puck.
6:02 of 2nd period - Nicolas Aube-Kubel is hit by Adam Boqvist.
6:09 of 2nd period - Nicolas Aube-Kubel is hit by Jake Bean and loses puck.
6:14 of 2nd period - Shot by Nicolas Aube-Kubel.
6:14 of 2nd period - Stopped by Jake Allen with a rebound.
6:18 of 2nd period - Shot by Nicolas Aube-Kubel.
6:18 of 2nd period - Shot Misses the Net.
6:24 of 2nd period - Shot by Leo Komarov.
6:24 of 2nd period - Shot Misses the Net.
6:26 of 2nd period - Shot by Nicolas Aube-Kubel.
6:26 of 2nd period - Stopped by Jake Allen with a rebound.
6:38 of 2nd period - Nicolas Aube-Kubel is hit by J.T. Compher and loses puck.
6:58 of 2nd period - Icing by Michal Kempny.
6:59 of 2nd period - Jack Hughes wins face-off versus Leo Komarov in EDMONTON Oilers zone.
7:22 of 2nd period - Shot by Kyle Okposo.
7:22 of 2nd period - Shot Misses the Net.
7:30 of 2nd period - Shot by Jack Hughes.
7:30 of 2nd period - Shot Misses the Net.
7:35 of 2nd period - Jack Hughes is hit by Michal Kempny and loses puck.
7:47 of 2nd period - Icing by Will Butcher.
7:48 of 2nd period - Leo Komarov wins face-off versus Ryan Donato in EDMONTON Oilers zone.
7:56 of 2nd period - Will Butcher is hit by Ryan Donato and loses puck.
8:11 of 2nd period - Shot by Oskar Lindblom.
8:11 of 2nd period - Shot Blocked by Milan Lucic.
8:13 of 2nd period - Shot by Oskar Lindblom.
8:13 of 2nd period - Shot Hit the Post.
8:15 of 2nd period - Shot by Oskar Lindblom.
8:15 of 2nd period - Stopped by Adin Hill with a rebound.
8:17 of 2nd period - Shot by Joel Armia.
8:17 of 2nd period - Stopped by Adin Hill without a rebound.
8:18 of 2nd period - Thomas Novak wins face-off versus Dylan Cozens in EDMONTON Oilers zone.
9:18 of 2nd period - Icing by Moritz Seider.
9:19 of 2nd period - Ryan Donato wins face-off versus Dylan Cozens in EDMONTON Oilers zone.
9:29 of 2nd period - Oskar Lindblom is hit by Moritz Seider and loses puck.
9:54 of 2nd period - Shot by Ryan Donato.
9:54 of 2nd period - Shot Misses the Net.
10:10 of 2nd period - Alex Wennberg is hit by Ryan Donato and loses puck.
10:29 of 2nd period - Shot by Alex Wennberg.
10:29 of 2nd period - Deflect By T.J. Oshie.
10:29 of 2nd period - Shot Misses the Net.
10:45 of 2nd period - Shot by Alex Wennberg.
10:45 of 2nd period - Shot Misses the Net.
11:15 of 2nd period - Shot by Nico Sturm.
11:15 of 2nd period - Stopped by Jake Allen without a rebound.
11:16 of 2nd period - Thomas Novak wins face-off versus Nico Sturm in NEW JERSEY Devils zone.
11:16 of 2nd period - Thomas Novak is hit by Nico Sturm.
11:22 of 2nd period - Shot by J.T. Compher.
11:22 of 2nd period - Stopped by Adin Hill without a rebound.
11:23 of 2nd period - J.T. Compher wins face-off versus Nico Sturm in EDMONTON Oilers zone.
11:24 of 2nd period - Shot by Adam Boqvist.
11:24 of 2nd period - Shot Misses the Net.
11:39 of 2nd period - Icing by Nico Sturm.
11:40 of 2nd period - Nico Sturm wins face-off versus Connor Brown in EDMONTON Oilers zone.
11:40 of 2nd period - Nico Sturm is hit by Gabriel Landeskog.
11:54 of 2nd period - Shot by Miles Wood.
11:54 of 2nd period - Deflect By Connor Brown.
11:54 of 2nd period - Stopped by Adin Hill with a rebound.
11:56 of 2nd period - Shot by Connor Brown.
11:56 of 2nd period - Shot Blocked by Nico Sturm.
12:42 of 2nd period - Owen Tippett is hit by Miles Wood and loses puck.
13:07 of 2nd period - Shot by Drake Batherson.
13:07 of 2nd period - Stopped by Jake Allen without a rebound.
13:08 of 2nd period - Alex Wennberg wins face-off versus Jack Hughes in NEW JERSEY Devils zone.
13:12 of 2nd period - Kyle Palmieri is hit by Bowen Byram and loses puck.
13:20 of 2nd period - Alex Wennberg is hit by Bowen Byram and loses puck.
13:40 of 2nd period - Alex Wennberg is hit by Ryan Graves and loses puck.
14:29 of 2nd period - Shot by Milan Lucic.
14:29 of 2nd period - Stopped by Jake Allen with a rebound.
14:32 of 2nd period - Icing by Ryan Graves.
14:33 of 2nd period - Kyle Okposo wins face-off versus Dylan Cozens in NEW JERSEY Devils zone.
15:12 of 2nd period - Shot by Drake Batherson.
15:12 of 2nd period - Stopped by Jake Allen without a rebound.
15:13 of 2nd period - Ryan Donato wins face-off versus Alex Wennberg in NEW JERSEY Devils zone.
15:13 of 2nd period - Ryan Donato is hit by T.J. Oshie.
15:19 of 2nd period - Moritz Seider is hit by Oskar Lindblom and loses puck.
15:28 of 2nd period - Oskar Lindblom is hit by Alex Wennberg.
15:32 of 2nd period - Shot by Kyle Palmieri.
15:32 of 2nd period - Shot Blocked by Alexander Petrovic.
15:37 of 2nd period - Minor Penalty to Alex Wennberg for Roughing.
15:38 of 2nd period - Owen Tippett wins face-off versus J.T. Compher in EDMONTON Oilers zone.
15:59 of 2nd period - Shot by Adam Boqvist.
15:59 of 2nd period - Shot Misses the Net.
16:42 of 2nd period - Kyle Okposo is hit by Alexander Romanov and loses puck.
16:45 of 2nd period - Shot by Bowen Byram.
16:45 of 2nd period - Stopped by Adin Hill without a rebound.
16:46 of 2nd period - Jack Hughes wins face-off versus Owen Tippett in EDMONTON Oilers zone.
16:57 of 2nd period - Kyle Okposo is hit by Leo Komarov and loses puck.
18:17 of 2nd period - Shot by Gabriel Landeskog.
18:17 of 2nd period - Shot Misses the Net.
18:34 of 2nd period - Thomas Novak is hit by Michal Kempny and loses puck.
18:41 of 2nd period - Shot by Thomas Novak.
18:41 of 2nd period - Shot Misses the Net.
18:43 of 2nd period - Shot by Thomas Novak.
18:43 of 2nd period - Stopped by Adin Hill without a rebound.
18:44 of 2nd period - Dylan Cozens wins face-off versus Ryan Donato in EDMONTON Oilers zone.
18:44 of 2nd period - Dylan Cozens is hit by Oskar Lindblom.
19:23 of 2nd period - Icing by Alexander Romanov.
19:24 of 2nd period - J.T. Compher wins face-off versus Dylan Cozens in EDMONTON Oilers zone.
19:27 of 2nd period - Shot by J.T. Compher.
19:27 of 2nd period - Stopped by Adin Hill with a rebound.
19:46 of 2nd period - Icing by Alexander Romanov.
19:47 of 2nd period - Dylan Cozens wins face-off versus Jack Hughes in EDMONTON Oilers zone.
Goals for this period are 0 for EDMONTON Oilers vs 1 for NEW JERSEY Devils.
Shots for this period are 9 for EDMONTON Oilers vs 9 for NEW JERSEY Devils.

3rd period


0:01 of 3rd period - Dylan Cozens wins face-off versus Jack Hughes in neutral zone.
0:04 of 3rd period - Shot by Drake Batherson.
0:04 of 3rd period - Stopped by Jake Allen without a rebound.
0:05 of 3rd period - Jack Hughes wins face-off versus Dylan Cozens in NEW JERSEY Devils zone.
0:12 of 3rd period - James van Riemsdyk is hit by Owen Tippett.
0:46 of 3rd period - Shot by Alexander Romanov.
0:46 of 3rd period - Shot Misses the Net.
1:07 of 3rd period - Nikita Zaitsev is hit by Jake Bean and loses puck.
1:18 of 3rd period - Shot by Alex Wennberg.
1:18 of 3rd period - Stopped by Jake Allen without a rebound.
1:19 of 3rd period - Nico Sturm wins face-off versus Ryan Donato in NEW JERSEY Devils zone.
1:25 of 3rd period - Kent Johnson is hit by Alexander Petrovic and loses puck.
1:46 of 3rd period - Shot by Nico Sturm.
1:46 of 3rd period - Stopped by Jake Allen without a rebound.
1:47 of 3rd period - Thomas Novak wins face-off versus Alex Wennberg in NEW JERSEY Devils zone.
1:47 of 3rd period - Thomas Novak is hit by T.J. Oshie.
1:55 of 3rd period - Tucker Poolman is hit by J.T. Compher and loses puck.
2:10 of 3rd period - T.J. Oshie is hit by Adam Boqvist and loses puck.
2:25 of 3rd period - Shot by Alex Wennberg.
2:25 of 3rd period - Shot Misses the Net.
2:27 of 3rd period - Shot by Kyle Palmieri.
2:27 of 3rd period - Shot Misses the Net.
2:57 of 3rd period - Icing by Ryan Graves.
2:58 of 3rd period - Jack Hughes wins face-off versus Dylan Cozens in NEW JERSEY Devils zone.
5:24 of 3rd period - Shot by Milan Lucic.
5:24 of 3rd period - Shot Misses the Net.
5:26 of 3rd period - Shot by Nikita Zaitsev.
5:26 of 3rd period - Shot Misses the Net.
5:28 of 3rd period - Shot by Milan Lucic.
5:28 of 3rd period - Shot Misses the Net.
5:30 of 3rd period - Shot by Tucker Poolman.
5:30 of 3rd period - Shot Blocked by J.T. Compher.
5:32 of 3rd period - Shot by Milan Lucic.
5:32 of 3rd period - Stopped by Jake Allen without a rebound.
5:33 of 3rd period - Kyle Okposo wins face-off versus Alex Wennberg in NEW JERSEY Devils zone.
5:56 of 3rd period - Shot by James van Riemsdyk.
5:56 of 3rd period - Stopped by Adin Hill with a rebound.
6:01 of 3rd period - Icing by Alex Wennberg.
6:02 of 3rd period - Gabriel Landeskog wins face-off versus Alex Wennberg in EDMONTON Oilers zone.
6:50 of 3rd period - Icing by Adam Boqvist.
6:51 of 3rd period - Gabriel Landeskog wins face-off versus Nico Sturm in NEW JERSEY Devils zone.
7:04 of 3rd period - Shot by Denis Gurianov.
7:04 of 3rd period - Stopped by Jake Allen without a rebound.
7:05 of 3rd period - Jack Hughes wins face-off versus Dylan Cozens in NEW JERSEY Devils zone.
7:09 of 3rd period - Ryan Graves is hit by Nikita Zaitsev and loses puck.
7:28 of 3rd period - Ryan Graves is hit by Nikita Zaitsev.
8:05 of 3rd period - Jack Hughes is hit by Kyle Palmieri and loses puck.
8:19 of 3rd period - Minor Penalty to Ryan Graves for High sticking.
8:20 of 3rd period - Joel Armia wins face-off versus Kent Johnson in NEW JERSEY Devils zone.
8:45 of 3rd period - Shot by Drake Batherson.
8:45 of 3rd period - Stopped by Jake Allen without a rebound.
8:46 of 3rd period - Jack Hughes wins face-off versus Alex Wennberg in NEW JERSEY Devils zone.
9:36 of 3rd period - Shot by Moritz Seider.
9:36 of 3rd period - Shot Misses the Net.
9:38 of 3rd period - Shot by Kent Johnson.
9:38 of 3rd period - Deflect By Kyle Palmieri.
9:38 of 3rd period - Shot Misses the Net.
9:40 of 3rd period - Shot by Moritz Seider.
9:40 of 3rd period - Stopped by Jake Allen without a rebound.
9:41 of 3rd period - Kent Johnson wins face-off versus Jack Hughes in NEW JERSEY Devils zone.
9:42 of 3rd period - Shot by Moritz Seider.
9:42 of 3rd period - Shot Misses the Net.
9:52 of 3rd period - Shot by Alexander Romanov.
9:52 of 3rd period - Stopped by Jake Allen with a rebound.
9:54 of 3rd period - Shot by Alexander Romanov.
9:54 of 3rd period - Stopped by Jake Allen with a rebound.
9:56 of 3rd period - Shot by Alexander Romanov.
9:56 of 3rd period - Shot Blocked by Alexander Petrovic.
10:06 of 3rd period - Shot by Drake Batherson.
10:06 of 3rd period - Stopped by Jake Allen without a rebound.
10:07 of 3rd period - J.T. Compher wins face-off versus Alex Wennberg in NEW JERSEY Devils zone.
10:07 of 3rd period - Adam Boqvist is hit by Dylan Cozens and loses puck.
10:12 of 3rd period - Shot by Owen Tippett.
10:12 of 3rd period - Shot Misses the Net.
10:14 of 3rd period - Shot by Dylan Cozens.
10:14 of 3rd period - Shot Misses the Net.
10:16 of 3rd period - Shot by Tucker Poolman.
10:16 of 3rd period - Stopped by Jake Allen with a rebound.
10:22 of 3rd period - Shot by Leo Komarov.
10:22 of 3rd period - Stopped by Jake Allen with a rebound.
10:53 of 3rd period - Shot by Gabriel Landeskog.
10:53 of 3rd period - Shot Misses the Net.
10:55 of 3rd period - Shot by Gabriel Landeskog.
10:55 of 3rd period - Stopped by Adin Hill without a rebound.
10:56 of 3rd period - Alex Wennberg wins face-off versus J.T. Compher in EDMONTON Oilers zone.
11:06 of 3rd period - Shot by Kyle Palmieri.
11:06 of 3rd period - Stopped by Jake Allen without a rebound.
11:07 of 3rd period - Nico Sturm wins face-off versus Jack Hughes in NEW JERSEY Devils zone.
12:28 of 3rd period - Shot by Thomas Novak.
12:28 of 3rd period - Goal by Thomas Novak - EDMONTON Oilers : 0 - NEW JERSEY Devils : 4.
12:29 of 3rd period - Dylan Cozens wins face-off versus Ryan Donato in neutral zone.
13:04 of 3rd period - Icing by Alexander Petrovic.
13:05 of 3rd period - Alex Wennberg wins face-off versus Ryan Donato in NEW JERSEY Devils zone.
13:24 of 3rd period - Shot by Alex Wennberg.
13:24 of 3rd period - Stopped by Jake Allen without a rebound.
13:25 of 3rd period - Jack Hughes wins face-off versus Leo Komarov in NEW JERSEY Devils zone.
13:53 of 3rd period - Shot by Kyle Okposo.
13:53 of 3rd period - Shot Misses the Net.
14:42 of 3rd period - Off-side.
14:43 of 3rd period - Ryan Donato wins face-off versus Alex Wennberg in neutral zone.
14:46 of 3rd period - Shot by Oskar Lindblom.
14:46 of 3rd period - Shot Misses the Net.
15:15 of 3rd period - Shot by Kyle Palmieri.
15:15 of 3rd period - Deflect By Alex Wennberg.
15:15 of 3rd period - Stopped by Jake Allen without a rebound.
15:16 of 3rd period - Dylan Cozens wins face-off versus J.T. Compher in NEW JERSEY Devils zone.
15:55 of 3rd period - Shot by Thomas Novak.
15:55 of 3rd period - Stopped by Adin Hill without a rebound.
15:56 of 3rd period - Alex Wennberg wins face-off versus Jack Hughes in EDMONTON Oilers zone.
16:14 of 3rd period - Shot by Kyle Okposo.
16:14 of 3rd period - Stopped by Adin Hill with a rebound.
16:51 of 3rd period - Alex Wennberg is hit by Alexander Petrovic and loses puck.
17:11 of 3rd period - Joel Armia is hit by Moritz Seider and loses puck.
17:24 of 3rd period - Shot by Denis Gurianov.
17:24 of 3rd period - Stopped by Jake Allen without a rebound.
17:25 of 3rd period - J.T. Compher wins face-off versus Dylan Cozens in NEW JERSEY Devils zone.
17:42 of 3rd period - Shot by Andreas Athanasiou.
17:42 of 3rd period - Stopped by Adin Hill with a rebound.
19:12 of 3rd period - Icing by Kent Johnson.
19:13 of 3rd period - Ryan Donato wins face-off versus Nico Sturm in EDMONTON Oilers zone.
19:14 of 3rd period - Shot by Joel Armia.
19:14 of 3rd period - Stopped by Adin Hill without a rebound.
19:15 of 3rd period - Alex Wennberg wins face-off versus Oskar Lindblom in EDMONTON Oilers zone.
19:37 of 3rd period - Shot by Kyle Palmieri.
19:37 of 3rd period - Shot Misses the Net.
Goals for this period are 0 for EDMONTON Oilers vs 1 for NEW JERSEY Devils.
Shots for this period are 16 for EDMONTON Oilers vs 7 for NEW JERSEY Devils. Output by the SimonT Hockey Simulator (STHS) for Martin Benoit - Original Page W3C HTML5 Valid
Hockey Simulator - Hockey Simulation - Hockey Manager